Map: New Gettysburg LE

Players

IlIlIIIIllll

  • Race: Protoss Protoss
  • League: Master

NORTHAMERICA - Winner!

  • Race: Protoss Protoss
  • League: Master

VOD

Have the link to the VOD?

Description

Time

  • Played on: Oct. 25, 2016, 12:08 a.m.
  • Length: 17:49
Show
View Real Time Build Order
Export as new Build Order

IlIlIIIIllll Protoss 

Build Orders:  

Get SALT Encoding   

  12  0:01  Probe (Chrono Boost)  
  13  0:11  Probe (Chrono Boost)  
  14  0:18  Pylon  
  14  0:22  Probe (Chrono Boost)  
  15  0:36  Probe (Chrono Boost)  
  15  0:38  Gateway  
  15  0:42  Assimilator  
  16  0:47  Probe (Chrono Boost)  
  17  0:51  Assimilator  
  17  0:58  Probe (Chrono Boost)  
  18  1:06  Gateway  
  18  1:08  Probe (Chrono Boost)  
  19  1:19  Probe (Chrono Boost)  
  19  1:25  Cybernetics Core  
  20  1:30  Probe (Chrono Boost)  
  21  1:33  Pylon  
  21  1:40  Probe (Chrono Boost)  
  22  1:51  Probe (Chrono Boost)  
  23  1:55  Warp Gate  
  23  2:02  Mothership Core (Chrono Boost)  
  23  2:04  Stalker  
  27  2:10  Pylon  
  27  2:14  Stalker  
  29  2:20  Probe (Chrono Boost)  
  30  2:31  Probe (Chrono Boost)  
  31  2:38  Stalker  
  31  2:44  Stalker, Pylon  
  35  3:02  Robotics Facility  
  32  3:15  Probe (Chrono Boost)  
  33  3:25  Gateway  
  33  3:27  Stalker  
  33  3:30  Stalker  
  37  3:40  Probe (Chrono Boost)  
  38  3:46  Warp Prism  
  38  3:56  Probe (Chrono Boost)  
  38  4:00  Pylon  
  38  4:09  Probe (Chrono Boost)  
  39  4:22  Stalker x2  
  43  4:27  Stalker  
  44  4:33  Observer  
  43  4:55  Stalker x3  
  49  5:01  Pylon  
  49  5:20  Stalker  
  51  5:21  Stalker  
  53  5:29  Stalker  
  45  5:52  Adept x3  
  49  6:10  Probe (Chrono Boost)  
  48  6:13  Sentry  
  48  6:14  Sentry  
  48  6:16  Sentry  
  54  6:21  Probe (Chrono Boost)  
  55  6:31  Probe (Chrono Boost)  
  56  6:42  Probe (Chrono Boost)  
  57  6:52  Probe (Chrono Boost)  
  57  6:53  Nexus  
  58  7:03  Probe (Chrono Boost)  
  57  7:13  Probe (Chrono Boost)  
  58  7:27  Adept x2  
  62  7:38  Pylon  
  62  7:40  Pylon  
  60  7:57  Immortal  
  64  7:59  Probe (Chrono Boost)  
  64  8:05  Probe (Chrono Boost)  
  65  8:10  Probe (Chrono Boost)  
  65  8:11  Sentry x3  
  72  8:17  Twilight Council  
  72  8:28  Probe x2 (Chrono Boost)  
  72  8:35  Adept  
  72  8:38  Adept x2  
  76  8:58  Resonating Glaives  
  76  9:08  Adept x3  
  70  9:48  Stalker x3  
  72  10:14  Adept x3  
  70  10:27  Probe x2 (Chrono Boost)  
  71  10:38  Probe x2 (Chrono Boost)  
  57  10:54  Probe x2 (Chrono Boost)  
  59  10:58  Stalker x2  
  45  11:24  Probe x2 (Chrono Boost)  
  45  11:32  Adept x3  
  51  11:33  Assimilator  
  51  11:35  Probe x2 (Chrono Boost)  
  53  11:45  Probe x2 (Chrono Boost)  
  53  12:05  Adept x2  
  53  12:06  Adept  
  59  12:14  Probe x2 (Chrono Boost)  
  61  12:24  Probe x2 (Chrono Boost)  
  61  12:25  Blink  
  61  12:29  Gateway  
  63  12:35  Probe x2 (Chrono Boost)  
  65  12:44  Stalker x3  
  64  13:08  Probe x2 (Chrono Boost)  
  64  13:20  Stalker  
  64  13:21  Stalker x2  
  56  13:52  Stalker x2  
  56  13:53  Stalker  
  42  14:14  Probe x2 (Chrono Boost)  
  42  14:19  Stalker x3  
  44  14:28  Stalker  
  38  14:56  Stalker x4  
  46  15:11  Assimilator  
  46  15:18  Gateway  
  46  15:22  Stalker x4  
  54  15:33  Observer  
  55  15:53  Nexus  
  55  16:05  Stalker x2  
  57  16:13  Stalker  
  57  16:14  Stalker  
  61  16:29  Probe (Chrono Boost)  
  61  16:31  Probe (Chrono Boost)  
  63  16:34  Stalker  
  63  16:39  Stalker  
  67  16:57  Stalker x2  
  67  16:58  Stalker  
  69  17:22  Adept x3  
  69  17:36  Stalker x2  
Show
View Real Time Build Order
Export as new Build Order

NORTHAMERICA Protoss - Winner!

Build Orders:  

Get SALT Encoding   

  12  0:01  Probe (Chrono Boost)  
  13  0:11  Probe (Chrono Boost)  
  14  0:19  Pylon  
  14  0:22  Probe (Chrono Boost)  
  15  0:37  Probe (Chrono Boost)  
  15  0:38  Gateway  
  16  0:48  Probe (Chrono Boost)  
  17  0:51  Assimilator  
  17  0:56  Assimilator  
  17  0:58  Probe (Chrono Boost)  
  18  1:09  Probe (Chrono Boost)  
  18  1:11  Gateway  
  19  1:19  Probe (Chrono Boost)  
  20  1:26  Cybernetics Core  
  20  1:30  Probe (Chrono Boost)  
  21  1:37  Pylon  
  21  1:40  Probe (Chrono Boost)  
  22  1:51  Probe (Chrono Boost)  
  23  2:00  Adept  
  23  2:01  Warp Gate  
  23  2:03  Adept  
  27  2:14  Mothership Core (Chrono Boost)  
  29  2:20  Pylon  
  29  2:28  Adept  
  31  2:35  Adept  
  31  2:40  Probe (Chrono Boost)  
  35  2:51  Probe (Chrono Boost)  
  35  3:06  Stargate  
  33  3:19  Probe (Chrono Boost)  
  32  3:23  Gateway  
  32  3:26  Stalker x2  
  36  3:42  Pylon  
  36  3:45  Void Ray  
  35  3:59  Robotics Facility  
  35  4:09  Stalker  
  37  4:13  Pylon  
  37  4:17  Stalker  
  37  4:24  Oracle  
  42  4:46  Zealot x2  
  42  4:47  Zealot  
  48  4:53  Immortal  
  48  5:17  Stalker x2  
  52  5:21  Stalker  
  48  5:56  Pylon  
  48  6:00  Pylon  
  48  6:04  Pylon  
  48  6:06  Sentry  
  46  6:17  Immortal  
  46  6:24  Adept x2  
  46  6:25  Pylon  
  54  6:43  Probe (Chrono Boost)  
  55  6:51  Warp Prism  
  55  6:52  Stalker x2  
  59  6:56  Pylon  
  58  7:12  Stalker  
  60  7:15  Adept  
  60  7:16  Adept  
  64  7:25  Observer  
  65  7:36  Adept x3  
  71  8:02  Nexus  
  71  8:07  Pylon  
  71  8:14  Pylon  
  71  8:21  Twilight Council  
  71  8:22  Observer  
  73  8:27  Probe (Chrono Boost)  
  68  9:15  Robotics Bay, Probe (Chrono Boost)  
  68  9:16  Blink  
  67  9:23  Sentry  
  65  9:27  Probe (Chrono Boost)  
  67  9:39  Probe (Chrono Boost)  
  67  9:43  Probe (Chrono Boost)  
  64  9:51  Probe (Chrono Boost)  
  64  9:52  Sentry x2  
  65  10:04  Disruptor  
  50  10:18  Zealot  
  47  10:25  Adept x2  
  47  10:36  Disruptor  
  50  11:04  Adept x3  
  53  11:31  Gravitic Drive  
  50  11:54  Nexus  
  50  12:23  Disruptor  
  53  12:40  Pylon  
  53  13:09  Probe (Chrono Boost)  
  52  13:20  Disruptor  
  52  13:24  Adept x2  
  46  13:51  Adept  
  46  13:52  Adept x2  
  46  13:55  Disruptor  
  41  14:13  Stalker x3  
  38  14:33  Assimilator  
  38  14:35  Assimilator  
  38  14:46  Pylon  
  38  14:54  Stalker  
  40  15:00  Adept  
  40  15:06  Adept  
  44  15:07  Probe (Chrono Boost)  
  45  15:21  Probe (Chrono Boost)  
  46  15:29  Stalker  
  46  15:33  Stalker x2  
  52  15:41  Gateway  
  52  16:00  Disruptor  
  55  16:13  Adept x2  
  59  16:20  Pylon  
  59  16:32  Stalker  
  60  16:35  Stalker  
  60  16:37  Probe (Chrono Boost)  
  63  16:46  Stalker x2  
  67  17:07  Nexus  
  65  17:12  Pylon  
  65  17:36  Stalker x2  
Tags
 
Add a new tag
Caveats
  • Supply blocks, unpowered buildings, or Contaminate may cause inaccurate times.
  • Supply counts are checked every 10 seconds.